Map: Ruby Rock LE

Players

Tavor - Winner!

  • Race: Zerg Zerg
  • Spawn Location: 11:00

Raphael

  • Race: Zerg Zerg
  • League: Platinum
  • Spawn Location: 5:00

VOD

Have the link to the VOD?

Description

Time

  • Played on: Dec. 27, 2025, 11:27 a.m.
  • Length: 9:56
Show
View Real Time Build Order
Export as new Build Order

Tavor Zerg - Winner!

Build Orders: Hatch First 

Get SALT Encoding   

  12  0:03  Drone  
  13  0:11  Drone  
  14  0:14  Extractor  
  14  0:16  Drone  
  15  0:22  Overlord  
  15  0:44  Hatchery  
  15  0:47  Drone  
  15  0:50  Drone  
  15  0:54  Drone  
  17  0:59  Drone  
  18  1:05  Extractor  
  17  1:15  Spawning Pool  
  16  1:18  Drone  
  16  1:22  Drone  
  18  1:31  Drone  
  19  1:42  Drone  
  20  1:52  Drone  
  21  1:57  Overlord  
  21  2:03  Queen  
  21  2:04  Queen  
  21  2:06  Zergling x2  
  26  2:08  Drone  
  26  2:14  Drone  
  28  2:19  Drone  
  29  2:31  Drone x2  
  29  2:35  Drone  
  32  2:39  Metabolic Boost  
  32  2:42  Overlord  
  32  2:44  Queen  
  34  2:52  Baneling Nest  
  33  2:59  Zergling x2  
  33  3:00  Zergling x2  
  35  3:05  Zergling x2  
  36  3:14  Zergling x10  
  41  3:22  Zergling x6  
  44  3:39  Overlord x2  
  44  3:46  Hatchery  
  43  3:52  Zergling x2  
  43  3:55  Overlord  
  44  3:58  Baneling x3  
  44  3:59  Baneling x3  
  44  4:01  Zergling x4  
  44  4:02  Zergling x4  
  48  4:11  Zergling x4  
  39  4:28  Zergling x6  
  39  4:29  Zergling x4  
  43  4:35  Zergling x2  
  43  4:36  Zergling x2  
  43  4:37  Evolution Chamber  
  44  4:40  Evolution Chamber  
  44  4:42  Zergling x2  
  42  4:57  Drone x3  
  43  5:01  Drone  
  43  5:04  Lair  
  43  5:06  Drone  
  45  5:19  Drone x3  
  45  5:20  Drone x3  
  51  5:29  Drone  
  51  5:35  Extractor, Drone x3  
  54  5:42  Extractor, Zerg Melee Weapons Level 1  
  53  5:43  Zerg Ground Armor Level 1, Extractor  
  53  5:44  Drone x2  
  53  5:45  Drone x2  
  53  5:48  Drone  
  57  5:55  Zergling x4  
  59  6:12  Drone  
  59  6:13  Drone x5  
  59  6:17  Overlord x2  
  59  6:18  Spire  
  64  6:27  Drone  
  64  6:28  Drone x2, Extractor x2  
  65  6:49  Overlord x3  
  65  7:22  Spine Crawler  
  64  7:23  Spine Crawler  
  64  7:24  Mutalisk, Spine Crawler  
  64  7:25  Mutalisk x7  
  64  7:26  Spine Crawler  
  64  7:27  Spine Crawler x2  
  75  7:32  Mutalisk x2  
  79  7:39  Zerg Flyer Weapons Level 1  
  79  7:55  Zergling x8  
  79  7:56  Zergling x10  
  84  8:46  Zergling x10  
  84  8:47  Zergling x16  
  84  8:48  Zergling x16  
  94  8:49  Zergling x6  
  92  9:02  Mutalisk x2, Drone x2  
  94  9:03  Mutalisk  
  98  9:12  Mutalisk x2  
Show
View Real Time Build Order
Export as new Build Order

Raphael Zerg 

Build Orders: Hatch First 

Get SALT Encoding   

  12  0:03  Drone  
  13  0:14  Overlord  
  13  0:25  Drone  
  14  0:32  Drone  
  15  0:41  Drone  
  16  0:48  Drone  
  17  1:04  Hatchery  
  17  1:08  Spawning Pool  
  17  1:10  Extractor  
  17  1:11  Drone  
  15  1:16  Drone  
  16  1:23  Drone  
  18  1:32  Drone  
  18  1:45  Drone  
  19  1:56  Queen  
  19  1:57  Zergling x2  
  22  2:18  Queen  
  22  2:20  Zergling x6  
  27  2:24  Overlord  
  27  2:40  Spine Crawler  
  27  2:44  Queen  
  26  2:46  Drone x4  
  32  3:10  Overlord x2  
  32  3:26  Lair  
  32  3:28  Queen  
  34  3:35  Roach Warren  
  33  3:41  Evolution Chamber  
  33  3:44  Evolution Chamber  
  29  3:57  Evolution Chamber  
  28  4:04  Queen  
  30  4:16  Roach x3  
  36  4:25  Overlord x3  
  36  4:44  Evolution Chamber  
  33  5:02  Spine Crawler  
  33  5:03  Drone x4  
  33  5:06  Spine Crawler  
  36  5:15  Drone x4  
  40  5:36  Hatchery  
  39  5:48  Zerg Missile Weapons Level 1  
  39  5:55  Roach Warren  
  39  5:56  Zergling x6  
  41  6:01  Drone x2  
  43  6:16  Drone x3  
  46  6:29  Drone x3  
  49  6:40  Overlord  
  49  6:41  Overlord  
  49  6:43  Zerg Ground Armor Level 1  
  49  6:46  Glial Reconstitution  
  49  6:53  Roach x2  
  53  6:55  Drone  
  54  7:06  Roach x2  
  55  7:18  Roach x3  
  55  7:19  Roach  
  55  7:22  Drone  
  64  7:23  Overlord  
  64  7:24  Overlord  
  64  7:25  Drone x2  
  66  7:30  Metabolic Boost  
  66  7:42  Roach x5  
  75  7:48  Roach  
  77  7:51  Roach  
  77  7:52  Roach  
  77  7:55  Extractor  
  77  7:57  Drone x2  
  82  7:58  Overlord x2, Extractor  
  82  8:05  Queen  
  83  8:18  Spore Crawler  
  82  8:20  Spore Crawler  
  79  8:27  Spore Crawler  
  79  8:29  Spore Crawler  
  72  8:44  Roach x4  
  72  8:45  Roach  
  71  8:52  Spore Crawler  
  54  9:08  Queen  
  56  9:12  Drone  
  56  9:13  Drone x6  
  63  9:33  Overlord x3  
  63  9:34  Overlord  
  63  9:42  Hatchery  
Tags
 
Add a new tag
Caveats
  • Supply blocks, unpowered buildings, or Contaminate may cause inaccurate times.
  • Supply counts are checked every 10 seconds.